 Dungeon Crawl Stone Soup version 0.21.1-1-g345015f (webtiles) character file.

1568 tidbits the Covert (level 8, 26/64 HPs)
             Began as a Gnoll Assassin on Mar 29, 2018.
             Was a Follower of Cheibriados.
             Quit the game on level 7 of the Dungeon.
             The game lasted 00:25:18 (2037 turns).

tidbits the Covert (Gnoll Assassin)                 Turns: 2037, Time: 00:25:18

Health: 26/64      AC:  7    Str: 15    XL:     8   Next: 90%
Magic:  0/13       EV: 15    Int: 23    God:    Cheibriados [*.....]
Gold:   225        SH:  0    Dex: 19    Spells: 6/14 levels left

rFire    . . .     SeeInvis .   a - +2 dagger
rCold    . . .     Gourm    .   (no shield)
rNeg     . . .     Faith    .   B - +0 troll leather armour
rPois    .         Spirit   .   (no helmet)
rElec    .         Reflect  .   C - +1 cloak
rCorr    .         Harm     .   (no gloves)
MR       .....                  F - +0 pair of boots
Stlth    ++++......             (no amulet)
HPRegen  0.60/turn              W - ring of wizardry
MPRegen  0.13/turn              d - +5 ring of intelligence

@: slightly contaminated, slowed, very slow
A: distributed training, fangs 1, hooves 1, mutation resistance 1, strong nose
a: Bend Time, Renounce Religion


You were on level 7 of the Dungeon.
You worshipped Cheibriados.
Cheibriados was aware of your devotion.
You were not hungry.

You visited 2 branches of the dungeon, and saw 9 of its levels.
You also visited: Ossuary.

You collected 225 gold pieces.

Inventory:

Hand Weapons
 a - a +2 dagger (weapon)
 b - a +0 blowgun
 i - a +2 shortbow of flaming
   (You took it off a centaur on level 7 of the Dungeon)
Missiles
 e - 39 poisoned needles
 k - 6 needles of frenzy
 s - 76 arrows
 A - 7 tomahawks (quivered)
Armour
 c - a +0 robe
 l - a cursed +0 shield
 n - a +0 ring mail
 B - a +0 troll leather armour (worn)
 C - a +1 cloak (worn)
 F - a +0 pair of boots (worn)
Magical Staves
 y - an uncursed staff of conjuration {!a}
   (You found it on level 6 of the Dungeon)
Jewellery
 d - a +5 ring of intelligence (right hand)
   (You found it on level 5 of the Dungeon)
 m - an uncursed ring of positive energy
   (You found it on level 3 of the Dungeon)
 z - a +3 ring of intelligence
   (You found it on level 7 of the Dungeon)
 W - a ring of wizardry (left hand)
   (You found it on level 7 of the Dungeon)
Scrolls
 j - a scroll of enchant weapon
 o - a scroll of fear
 r - 2 scrolls of remove curse
 v - a scroll of amnesia
 G - a scroll of holy word
Potions
 p - a potion of curing
 q - 2 potions of heal wounds
 t - a potion of degeneration
 w - a potion of haste
 E - a potion of ambrosia
Books
 x - a book of Necromancy
   (You found it on level 6 of the Dungeon)

   Spells                             Type                      Level
   a - Pain                           Necromancy                   1
   b - Animate Skeleton               Necromancy                   1
   c - Vampiric Draining              Necromancy                   3
   d - Regeneration                   Charms/Necromancy            3
   e - Animate Dead                   Necromancy                   4
   f - Borgnjor's Vile Clutch         Necromancy/Earth             5
Comestibles
 g - 4 rations


   Skills:
 + Level 5.9 Fighting
 + Level 5.9 Short Blades
 + Level 3.6 Long Blades
 + Level 3.6 Axes
 + Level 3.6 Maces & Flails
 + Level 3.6 Polearms
 + Level 3.6 Staves
 + Level 3.6 Slings
 + Level 3.6 Bows
 + Level 3.6 Crossbows
 + Level 5.9 Throwing
 + Level 3.6 Armour
 + Level 4.5 Dodging
 + Level 8.6 Stealth
 + Level 3.6 Shields
 + Level 3.6 Unarmed Combat
 + Level 3.6 Spellcasting
 + Level 2.9 Conjurations
 + Level 2.9 Hexes
 + Level 2.9 Charms
 + Level 2.9 Summonings
 + Level 2.9 Necromancy
 + Level 2.9 Translocations
 + Level 2.9 Transmutations
 + Level 2.9 Fire Magic
 + Level 2.9 Ice Magic
 + Level 2.9 Air Magic
 + Level 2.9 Earth Magic
 + Level 2.9 Poison Magic
 + Level 4.0 Invocations
 + Level 3.6 Evocations


You had 6 spell levels left.
You knew the following spells:

 Your Spells              Type           Power        Failure   Level  Hunger
r - Regeneration          Chrm/Necr      ###.......   4%          3    ###....
v - Borgnjor's Vile Clut  Necr/Erth      ###.......   38%         5    ######.


Dungeon Overview and Level Annotations

Branches:
Dungeon (8/15)             Temple (1/1) D:5
   Lair: D:8-11

Altars:
Cheibriados
Elyvilon
Hepliaklqana
Makhleb
Nemelex Xobeh
Ru
Uskayaw
Vehumet
Zin

Shops:
D:4 %(


Innate Abilities, Weirdness & Mutations

Your experience applies equally to all skills.
You have very sharp teeth.
Your uncanny sense of smell can sniff out nearby items.
You have large cloven feet.
You are somewhat resistant to further mutation.


Message History

You hit the yak.
The yak is lightly wounded.
You hit the yak.
The yak is moderately wounded.
The yak barely misses you.
You hit the yak but do no damage.
The yak is moderately wounded.
The yak barely misses you.
You hit the yak but do no damage.
The yak is moderately wounded.
The ogre is no longer moving slowly.
Casting: Borgnjor's Vile Clutch
Confirm with . or Enter, or press ? or * to list all spells.
The spell is very dangerous to cast!
Continue anyway?
Aiming: Borgnjor's Vile Clutch
Press: ? - help, Dir - move target cursor, f - ogre, p - yak
Aim: an ogre, wielding a giant club (almost dead, poisoned)
You miscast Borgnjor's Vile Clutch.
Motes of dust swirl before your eyes.
You feel sick. The yak gores you.
Okay, then.
Unknown command.
It was a potion of mutation.
You feel extremely strange.
You feel genetically stable.
Your feet thicken and deform.
The yak gores you but does no damage.
Unknown command.
Wield which item (- for none, * to show all)? (? for menu, Esc to quit)
Okay, then.
Unknown command.
Unknown command.
Unknown command.
Unknown command.
You feel better. The yak closely misses you.
You hit the yak but do no damage.
The yak is moderately wounded.
The yak gores you!
* * * LOW HITPOINT WARNING * * *
Okay, then.
Unknown command.
Okay, then.
Unknown command.
You hit the yak. Your bite misses the yak.
The yak is moderately wounded.
The yak completely misses you.
Unknown command.
The ogre looks more healthy.
The yak gores you!
* * * LOW HITPOINT WARNING * * *
A quokka comes into view.
Found a glowing silver altar of Zin.
Okay, then.
Okay, then.
Unknown command.
The yak barely misses you.
There is an open door here.
Unknown command.
Fire/throw which item? (* to show all) (? for menu, Esc to quit)
Really fire
H - a throwing net {!f}?
Press: ? - help, Shift-Dir - straight line, f/p - ogre
Aim: an ogre, wielding a giant club (almost dead)
You throw a throwing net {!f}.
The throwing net {!f} barely misses the yak.
The throwing net {!f} hits the ogre.
The ogre is caught in the net!
The ogre is almost dead.
The ogre struggles against the net.
An ogre comes into view. It is wielding a giant club.
Okay, then.
The yak gores you.
* * * LOW HITPOINT WARNING * * *
The ogre struggles against the net.
The yak completely misses you.
Unknown command.
Blink to where?
Press: ? - help, Dir - move target cursor, p - ogre You are lightly contaminated with residual magic.
As you read the scroll of blinking, it crumbles to dust.
The ogre struggles against the net.
Unknown command.
The ogre struggles against the net.
The ogre struggles against the net. x2
The net rips apart, and the ogre comes free!
The yak gores you!
* * * LOW HITPOINT WARNING * * *
The yak gores you.
* * * LOW HITPOINT WARNING * * *
There is a stone staircase leading up here.
The yak barely misses you. The yak gores you but does no damage.
You climb upwards.
There is a stone staircase leading down here.
Unknown command.
The yak closely misses you. The yak gores you.
* * * LOW HITPOINT WARNING * * *
Casting: Borgnjor's Vile Clutch
Confirm with . or Enter, or press ? or * to list all spells.
The spell is very dangerous to cast!
Continue anyway?
Aiming: Borgnjor's Vile Clutch
Press: ? - help, Dir - move target cursor, f - yak
Aim: a yak You miscast Borgnjor's Vile Clutch.
You are lightly contaminated with residual magic.
You feel yourself slow down.
You feel horribly lethargic.
Are you sure you want to abandon this character and quit the game? (Confirm with "yes".)

............# #.....#
.............## ##...##
..............## ##..#
...............# ##...#
..#............###..###
................#..##
## #......Y.>.†.....##
.## ##....Y........##
..## #...@######....#
...## ##...#....#.##..#
....## ##..###..#..
...# .....##
#.......#..###.#
......## #..###..#..#
#.# # .......#
##.#....#..# ..##
.......# .# #.######..#
... ......###.# #..
##.. ......###.# ###
#...


You could see 2 yaks.

Vanquished Creatures
  Pikel (D:7)
  The ghost of PipsiMox the Gusty, an amateur DrAE of Dithmenos (D:3)
  A slave (D:7)
  3 centaurs
  A big kobold (D:8)
  2 scorpions
  A howler monkey (D:4)
  3 crimson imps
  A jelly (D:5)
  An orc priest (D:7)
  3 hounds
  An orc wizard (D:7)
  An iguana (D:4)
  A worker ant (D:4)
  A hound skeleton (D:5)
  4 mummies (Ossuary)
  A worker ant zombie (D:5)
  9 adders
  2 oozes (D:2)
  An adder skeleton (D:7)
  2 worms (D:2)
  2 dart slugs
  3 leopard geckos
  8 orcs
  3 bats
  3 giant cockroaches
  4 goblins
  A hobgoblin (D:3)
  4 jackals
  2 quokkas
  3 ball pythons
  5 frilled lizards
  6 kobolds
  3 quokka zombies
  4 rats
92 creatures vanquished.

Vanquished Creatures (others)
  A quokka (D:3)
1 creature vanquished.

Grand Total: 93 creatures vanquished

Notes
Turn   | Place    | Note
-------+----------+-------------------------------------------
     0 | D:1      | tidbits the Gnoll Assassin began the quest for the Orb.
     0 | D:1      | Reached XP level 1. HP: 20/20 MP: 1/1
    56 | D:1      | Reached XP level 2. HP: 17/26 MP: 2/2
    93 | D:2      | Found a hazy altar of Hepliaklqana.
   138 | D:2      | Found a radiant altar of Vehumet.
   158 | D:2      | Reached XP level 3. HP: 6/31 MP: 3/3
   196 | D:2      | Reached skill level 1 in Invocations
   281 | D:2      | Reached skill level 1 in Long Blades
   281 | D:2      | Reached skill level 1 in Axes
   281 | D:2      | Reached skill level 1 in Maces & Flails
   281 | D:2      | Reached skill level 1 in Polearms
   281 | D:2      | Reached skill level 1 in Staves
   281 | D:2      | Reached skill level 1 in Slings
   281 | D:2      | Reached skill level 1 in Bows
   281 | D:2      | Reached skill level 1 in Crossbows
   281 | D:2      | Reached skill level 1 in Armour
   281 | D:2      | Reached skill level 1 in Shields
   281 | D:2      | Reached skill level 1 in Unarmed Combat
   281 | D:2      | Reached skill level 1 in Spellcasting
   281 | D:2      | Reached skill level 1 in Evocations
   303 | D:2      | Reached XP level 4. HP: 32/38 MP: 5/5
   308 | D:2      | Found a sacrificial altar of Ru.
   420 | D:3      | Noticed PipsiMox's ghost (amateur DrAE)
   451 | D:3      | Killed PipsiMox's ghost
   451 | D:3      | Reached skill level 3 in Dodging
   451 | D:3      | Reached skill level 1 in Conjurations
   451 | D:3      | Reached skill level 1 in Hexes
   451 | D:3      | Reached skill level 1 in Charms
   451 | D:3      | Reached skill level 1 in Summonings
   451 | D:3      | Reached skill level 1 in Necromancy
   451 | D:3      | Reached skill level 1 in Translocations
   451 | D:3      | Reached skill level 1 in Transmutations
   451 | D:3      | Reached skill level 1 in Fire Magic
   451 | D:3      | Reached skill level 1 in Ice Magic
   451 | D:3      | Reached skill level 1 in Air Magic
   451 | D:3      | Reached skill level 1 in Earth Magic
   451 | D:3      | Reached skill level 1 in Poison Magic
   451 | D:3      | Reached XP level 5. HP: 20/43 MP: 5/7
   524 | D:3      | Reached skill level 8 in Stealth
   532 | D:3      | Reached XP level 6. HP: 31/50 MP: 8/8
   633 | D:4      | HP: 5/50 [iguana (8)]
   640 | D:4      | Reached skill level 2 in Invocations
   694 | D:4      | Found a sparkling altar of Nemelex Xobeh.
   737 | D:4      | Found Siadif's Food Emporium.
   791 | D:4      | Reached skill level 5 in Fighting
   791 | D:4      | Reached skill level 5 in Short Blades
   791 | D:4      | Reached skill level 5 in Throwing
   804 | D:4      | Found Cimo's Weapon Shop.
   846 | D:4      | Reached skill level 2 in Long Blades
   846 | D:4      | Reached skill level 2 in Axes
   846 | D:4      | Reached skill level 2 in Maces & Flails
   846 | D:4      | Reached skill level 2 in Polearms
   846 | D:4      | Reached skill level 2 in Staves
   846 | D:4      | Reached skill level 2 in Slings
   846 | D:4      | Reached skill level 2 in Bows
   846 | D:4      | Reached skill level 2 in Crossbows
   846 | D:4      | Reached skill level 2 in Armour
   846 | D:4      | Reached skill level 2 in Shields
   846 | D:4      | Reached skill level 2 in Unarmed Combat
   846 | D:4      | Reached skill level 2 in Spellcasting
   846 | D:4      | Reached skill level 2 in Evocations
   868 | D:5      | Entered Level 5 of the Dungeon
   870 | D:5      | Reached XP level 7. HP: 37/56 MP: 10/10
   960 | D:5      | Reached skill level 2 in Conjurations
   960 | D:5      | Reached skill level 2 in Hexes
   960 | D:5      | Reached skill level 2 in Charms
   960 | D:5      | Reached skill level 2 in Summonings
   960 | D:5      | Reached skill level 2 in Necromancy
   960 | D:5      | Reached skill level 2 in Translocations
   960 | D:5      | Reached skill level 2 in Transmutations
   960 | D:5      | Reached skill level 2 in Fire Magic
   960 | D:5      | Reached skill level 2 in Ice Magic
   960 | D:5      | Reached skill level 2 in Air Magic
   960 | D:5      | Reached skill level 2 in Earth Magic
   960 | D:5      | Reached skill level 2 in Poison Magic
  1025 | D:5      | Found a staircase to the Ecumenical Temple.
  1034 | Temple   | Entered the Ecumenical Temple
  1079 | Temple   | Became a worshipper of Cheibriados the Contemplative
  1172 | D:6      | Learned a level 3 spell: Regeneration
  1325 | D:7      | Learned a level 5 spell: Borgnjor's Vile Clutch
  1411 | D:7      | Reached skill level 3 in Invocations
  1544 | D:7      | Reached XP level 8. HP: 63/63 MP: 6/12
  1550 | D:7      | Noticed Pikel
  1565 | D:7      | Killed Pikel
  1565 | D:7      | Reached skill level 3 in Long Blades
  1565 | D:7      | Reached skill level 3 in Axes
  1565 | D:7      | Reached skill level 3 in Maces & Flails
  1565 | D:7      | Reached skill level 3 in Polearms
  1565 | D:7      | Reached skill level 3 in Staves
  1565 | D:7      | Reached skill level 3 in Slings
  1565 | D:7      | Reached skill level 3 in Bows
  1565 | D:7      | Reached skill level 3 in Crossbows
  1565 | D:7      | Reached skill level 3 in Armour
  1565 | D:7      | Reached skill level 4 in Dodging
  1565 | D:7      | Reached skill level 3 in Shields
  1565 | D:7      | Reached skill level 3 in Unarmed Combat
  1565 | D:7      | Reached skill level 3 in Spellcasting
  1565 | D:7      | Reached skill level 3 in Evocations
  1688 | D:8      | Reached * piety under Cheibriados
  1723 | D:8      | Found a white marble altar of Elyvilon.
  1744 | D:8      | Noticed a yak
  1752 | D:7      | Found a sand-covered staircase.
  1759 | Ossuary  | Entered an ossuary
  1918 | D:7      | Reached skill level 4 in Invocations
  1948 | D:8      | Noticed a yak
  1950 | D:8      | Noticed a yak
  1952 | D:8      | Noticed a yak
  1960 | D:8      | Noticed a yak
  2006 | D:8      | Gained mutation: You are somewhat resistant to further mutation. [potion of mutation]
  2006 | D:8      | Gained mutation: You have large cloven feet. [potion of mutation]
  2013 | D:8      | Found a glowing silver altar of Zin.
  2037 | D:7      | Quit the game

Skill      XL: |  1  2  3  4  5  6  7  8 |
---------------+-------------------------+-----
Invocations    | 1 2 3 4 |  4.0
Long Blades    | 1 2 3 |  3.6
Axes           | 1 2 3 |  3.6
Maces & Flails | 1 2 3 |  3.6
Polearms       | 1 2 3 |  3.6
Staves         | 1 2 3 |  3.6
Slings         | 1 2 3 |  3.6
Bows           | 1 2 3 |  3.6
Crossbows      | 1 2 3 |  3.6
Armour         | 1 2 3 |  3.6
Shields        | 1 2 3 |  3.6
Unarmed Combat | 1 2 3 |  3.6
Spellcasting   | 1 2 3 |  3.6
Evocations     | 1 2 3 |  3.6
Dodging        | 3 4 |  4.5
Conjurations   | 1 2 |  2.9
Hexes          | 1 2 |  2.9
Charms         | 1 2 |  2.9
Summonings     | 1 2 |  2.9
Necromancy     | 1 2 |  2.9
Translocations | 1 2 |  2.9
Transmutations | 1 2 |  2.9
Fire Magic     | 1 2 |  2.9
Ice Magic      | 1 2 |  2.9
Air Magic      | 1 2 |  2.9
Earth Magic    | 1 2 |  2.9
Poison Magic   | 1 2 |  2.9
Stealth        | 8 |  8.6
Fighting       | 5 |  5.9
Short Blades   | 5 |  5.9
Throwing       | 5 |  5.9

Action                   |  1- 3 |  4- 6 |  7- 9 || total
-------------------------+-------+-------+-------++-------
Melee: Dagger            |    87 |   126 |   153 ||   366
       Bite              |     5 |    14 |    23 ||    42
       Punch             |       |       |     2 ||     2
 Fire: Blowgun           |     2 |     4 |     6 ||    12
Throw: Throwing net      |       |       |     1 ||     1
 Cast: Borgnjor's Vile C |       |       |     3 ||     3
       Regeneration      |       |       |     4 ||     4
Invok: Bend Time         |       |       |     2 ||     2
  Use: Potion            |     2 |     5 |     3 ||    10
       Scroll            |       |     2 |    12 ||    14
 Stab: Sleeping          |     5 |     8 |    16 ||    29
  Eat: Chunk             |       |       |     1 ||     1
       Ration            |       |       |     2 ||     2
Armor: Robe              |    13 |    23 |       ||    36
       Troll leather arm |       |       |    38 ||    38
Dodge: Dodged            |    46 |    72 |    92 ||   210

Table legend:
 A = Turns spent in this place as a percentage of turns spent in the entire game.
 B = Non-inter-level travel turns spent in this place as a percentage of non-inter-level travel turns spent in the entire game.
 C = Inter-level travel turns spent in this place as a percentage of turns spent in this place.
 D = Turns resting spent in this place as a percentage of non-inter-level travel turns spent in this place.
 E = Turns spent auto-exploring this place as a percentage of non-inter-level travel turns spent in this place.
 F = Non-inter-level travel turns spent in this place divided by the number of levels of this place that you've seen.
                   A       B       C       D       E      F
               +-------+-------+-------+-------+-------+----------------------
         Total | 100.0 | 100.0 |   1.2 |   0.0 |   0.0 | 201.3
       Dungeon |  89.7 |  90.8 |   0.0 |   0.0 |   0.0 | 228.5
        Temple |   3.8 |   2.6 |  31.2 |   0.0 |   0.0 |  53.0
       Ossuary |   6.5 |   6.6 |   0.0 |   0.0 |   0.0 | 132.0
               +-------+-------+-------+-------+-------+----------------------

Table legend:
 A = Kills in this place as a percentage of kills in entire the game.
 B = Kills by you in this place as a percentage of kills by you in the entire game.
 C = Kills by friends in this place as a percentage of kills by friends in the entire game.
 D = Other kills in this place as a percentage of other kills in the entire game.
 E = Experience gained in this place as a percentage of experience gained in the entire game.
 F = Experience gained in this place divided by the number of levels of this place that you have seen.
                   A       B       C       D       E      F
               +-------+-------+-------+-------+-------+----------------------
         Total | 100.0 | 100.0 |   N/A | 100.0 | 100.0 | 224.1
       Dungeon |  95.7 |  95.6 |   N/A | 100.0 |  96.8 | 271.1
       Ossuary |   4.3 |   4.4 |   N/A |   0.0 |   3.2 |  72.0
               +-------+-------+-------+-------+-------+----------------------

Vault maps used:
D:1:      tarquinn_simple_flora_water_c
D:2:      lemuel_round_altar, nicolae_ru_awakened_eye,
          nicolae_overflow_crystal_walls, xom_butterflies, first_ration,
          minmay_heptomino_o4, uniq_natasha, uniq_robin
D:3:      bloody_trog
D:4:      nemelex_xobeh_ov_fountains_minmay, serial_shops, shop,
          nicolae_shop_crystal, nicolae_shop_waterfront, kennysheep_mini,
          shop_statue, uniq_edmund
D:5:      lemuel_round_altar, lemuel_temple_firewalk_b, uniq_grinder
D:6:      cheibrodos_fzero, kiku_gazebo_garden_becter,
          cheibrodos_sewer_entry_bend, uniq_sigmund
D:7:      enter_ossuary_4, uniq_pikel
D:8:      nicolae_qazlal_eye_of_the_storm, kennysheep_little_box,
          nicolae_overflow_hidden_temple, grunt_lair_entry_orc_guard_hut,
          the_bakery
Temple:   grunt_temple_mini_profane
Ossuary:  ossuary_the_hunt_dpeg
